 Dungeon Crawl Stone Soup version 0.22-a0-351-g29664b4 (webtiles) character file.

651883 Amnesiac the Acrobat (level 27, -6/153 HPs)
             Began as a Spriggan Hunter on Apr 13, 2018.
             Was a High Priest of Okawaru.
             Mangled by an electric golem (16 damage)
             ... on level 4 of the Realm of Zot.
             The game lasted 02:49:03 (94963 turns).

Amnesiac the Acrobat (Spriggan Hunter)             Turns: 94963, Time: 02:49:04

Health: -6/153     AC: 41    Str: 22    XL:     27
Magic:  0/43       EV: 26    Int: 15    God:    Okawaru [*****.]
Gold:   5382       SH:  0    Dex: 22    Spells: 44/56 levels left

rFire    + . .     SeeInvis +   a - +9 triple crossbow (freeze)
rCold    + . .     Gourm    .   (shield currently unavailable)
rNeg     . . .     Faith    .   t - +12 gold dragon scales
rPois    +         Spirit   +   o - +2 hat "Zimi" {+Blink Dex+4}
rElec    .         Reflect  .   l - +2 cloak {rPois}
rCorr    .         Harm     .   (gloves unavailable)
MR       +++++                  (boots unavailable)
Stlth    ..........             i - amulet of guardian spirit
HPRegen  0.35/turn              F - ring of wizardry
MPRegen  0.28/turn              N - ring of Zoracrax {MR+ Str+5}

@: very quick
A: very small, unfitting armour, claws 1, see invisible, herbivore, speed 3,
magic resistance 1, slow metabolism 2, wild magic 1
}: 3/15 runes: decaying, serpentine, silver
a: Heroism, Finesse, Renounce Religion, Evoke Blink


You were on level 4 of the Realm of Zot.
You worshipped Okawaru.
Okawaru was extremely pleased with you.
You were not hungry.

You visited 10 branches of the dungeon, and saw 49 of its levels.
You visited 1 ziggurat, and saw 9 of its levels.
You also visited: Labyrinth and Sewer.

You collected 7383 gold pieces.
You spent 2001 gold pieces at shops.

Inventory:

Hand Weapons
 a - a +9 triple crossbow of freezing (weapon)
 b - the +8 autumn katana {slice, Clar}
   (You found it on level 9 of a ziggurat)

   It inflicts extra damage upon your enemies.
   It protects you against confusion.
 h - a +9 triple crossbow of flaming
 w - a +4 blowgun
Missiles
 d - 2115 bolts (quivered)
 u - 3 throwing nets
 G - 13 curare-tipped needles
Armour
 l - a +2 cloak of poison resistance (worn)
 o - the +2 hat "Zimi" (worn) {+Blink Dex+4}
   (Okawaru gifted it to you on level 12 of the Dungeon)

   It affects your dexterity (+4).
   It lets you blink.
 t - +12 gold dragon scales (worn)
Jewellery
 i - an amulet of guardian spirit (around neck)
 F - a ring of wizardry (left claw)
 N - the ring of Zoracrax (right claw) {MR+ Str+5}
   (You found it on level 2 of the Realm of Zot)

   [ring of strength]

   It affects your strength (+5).
   It affects your resistance to hostile enchantments.
 X - the ring of the Sun {+Fly rElec Int+6}
   (You took it off a deep elf demonologist on level 5 of the Vaults)

   [ring of intelligence]

   It affects your intelligence (+6).
   It insulates you from electricity.
   It lets you fly.
Wands
 y - a wand of digging (22)
 E - a wand of clouds (18)
 K - a wand of acid (24)
Scrolls
 g - 17 scrolls of identify {!r}
 k - 9 scrolls of fear {!r}
 n - 2 scrolls of blinking {!r}
 r - 3 scrolls of summoning {!r}
 s - 21 scrolls of remove curse {!r}
 A - a scroll of amnesia {!r}
 D - 7 scrolls of vulnerability {!r}
 H - 20 scrolls of teleportation {!r}
 Q - 9 scrolls of fog {!r}
 S - 11 scrolls of magic mapping {!r}
Potions
 e - 2 potions of cancellation {!q}
 j - a potion of heal wounds {!q}
 p - 11 potions of mutation {!q}
 q - 5 potions of curing {!q}
 v - 5 potions of magic {!q}
 x - 9 potions of agility {!q}
 z - 12 potions of brilliance {!q}
 B - 8 potions of might {!q}
 C - 6 potions of flight {!q}
 L - a potion of resistance {!q}
 T - 4 potions of haste {!q}
 Y - 4 potions of ambrosia {!q}
Miscellaneous
 c - 5 boxes of beasts
 I - a lightning rod (4/4)
 J - a lamp of fire
 O - a fan of gales
 U - a phial of floods
 W - a crystal ball of energy
 Z - 2 phantom mirrors
Comestibles
 f - 53 rations


   Skills:
 - Level 18.3 Fighting
 - Level 21.0 Crossbows
 + Level 20.6 Armour
 - Level 22.0 Dodging
 - Level 1.5 Stealth
 - Level 15.1 Spellcasting
 - Level 20.0 Charms
 - Level 10.0 Air Magic
 - Level 9.0 Invocations
 - Level 9.0 Evocations


You had 44 spell levels left.
You knew the following spells:

 Your Spells              Type           Power        Failure   Level  Hunger
a - Animate Skeleton      Necr           N/A          47%         1    None
b - Deflect Missiles      Chrm/Air       ######....   19%         6    ######.
c - Passwall              Tmut/Erth      ##........   58%         2    None
r - Regeneration          Chrm/Necr      ######....   3%          3    None


Dungeon Overview and Level Annotations

Branches:
Dungeon (15/15)            Temple (1/1) D:5            Lair (6/6) D:10
  Swamp (4/4) Lair:3        Snake (4/4) Lair:4        Slime (0/5) Lair:5
    Orc (2/2) D:12            Elf (3/3) Orc:2        Vaults (5/5) D:13
  Crypt (0/3) Vaults:2     Depths (5/5) D:15            Zot (4/5) Depths:5

Altars:
Ashenzari
Cheibriados
Dithmenos
Elyvilon
Fedhas
Gozag
Hepliaklqana
Kikubaaqudgha
Makhleb
Nemelex Xobeh
Okawaru
Qazlal
Ru
Sif Muna
Trog
Uskayaw
Vehumet
Wu Jian
Xom
Yredelemnul
Zin
The Shining One
Beogh
Jiyva

Shops:
D:9 [   D:13 [   D:14 %   D:15 !   Orc:2 [[=(   Elf:3 ?   Snake:1 !
Snake:3 ==}   Snake:4 [   Vaults:2 !   Vaults:5 (   Depths:4 ?

Portals:
Hell: Depths:1 Depths:2 Depths:3 Depths:4 Depths:5
Abyss: Depths:4
Pandemonium: Depths:3

Annotations:
Zot:4 2 transporters, exclusion: obsidian statue


Innate Abilities, Weirdness & Mutations

You are very small and have problems with some larger weapons.
You are too small for most types of armour.
You have supernaturally acute eyesight. (SInv)
You are a herbivore.
You cover ground extremely quickly.
You need to consume almost no food.
You have sharp fingernails.
You are resistant to hostile enchantments. (MR+)
Your spells are a little harder to cast, but a little more powerful.


Message History

Press: ? - help, Shift-Dir - straight line, f/p - electric golem
Aim: an electric golem (severely damaged)
You shoot a bolt.
The bolt barely misses the electric golem.
The electric golem hits you. The electric golem shocks you!
* * * LOW HITPOINT WARNING * * *
The electric golem hits you but does no damage.
The electric golem completely misses you.
The electric golem hits you but does no damage.
The electric golem hurls lightning at you.
The bolt of lightning misses you. The bolt of lightning hits you!
* * * LOW HITPOINT WARNING * * *
The bolt of lightning misses the electric golem.
The electric golem blinks!
Firing (i - inventory. (/) - cycle)
d - 2118 bolts (quivered)
Press: ? - help, Shift-Dir - straight line, f/p - electric golem
Aim: an electric golem (severely damaged)
You shoot a bolt. The bolt misses the electric golem.
The electric golem hurls lightning at you.
The bolt of lightning hits you!
* * * LOW HITPOINT WARNING * * *
The bolt of lightning misses you.
The bolt of lightning hits the electric golem.
The electric golem completely resists.
The electric golem completely misses you.
The electric golem hits you.
* * * LOW HITPOINT WARNING * * *
The electric golem shocks you!
* * * LOW HITPOINT WARNING * * *
The electric golem closely misses you.
The electric golem hits you but does no damage.
The electric golem blinks!
The electric golem hits you but does no damage.
The electric golem closely misses you. The electric golem barely misses you.
The electric golem closely misses you.
Firing (i - inventory. (/) - cycle)
d - 2117 bolts (quivered)
Press: ? - help, Shift-Dir - straight line, f/p - electric golem
Aim: an electric golem (severely damaged)
You shoot a bolt. The bolt misses the electric golem.
The electric golem hurls lightning at you.
The bolt of lightning misses you.
The electric golem hits you but does no damage.
The electric golem completely misses you.
The electric golem hits you but does no damage.
The electric golem hits you.
* * * LOW HITPOINT WARNING * * *
The electric golem misses you.
The electric golem completely misses you.
The electric golem barely misses you. x2
Firing (i - inventory. (/) - cycle)
d - 2116 bolts (quivered)
Press: ? - help, Shift-Dir - straight line, f/p - electric golem
Aim: an electric golem (severely damaged)
You shoot a bolt.
The bolt hits the electric golem but does no damage.
The electric golem is severely damaged.
The electric golem hits you but does no damage.
The electric golem closely misses you.
The electric golem hits you but does no damage.
The electric golem barely misses you.
The electric golem hurls lightning at you.
The bolt of lightning misses you. The electric golem hits you.
* * * LOW HITPOINT WARNING * * *
The electric golem shocks you!!
You die...

#....#)## ###.....
#....##)########<...
#...(###........[...
##...# ##...####....
#...# #...# ##...
#..ยง# #...#####...
..####...#
######......
.........# #...[..
(....(8@.# #...>..
...(...(.# ##.....
..#..8..(# #..... .
#......# ##....
####...# ##... ..#.#
#####... ..(#.#
........ ... .#
........ .....>..


You could see 2 electric golems.

Vanquished Creatures
  2 ancient liches
  Mennas (Depths:4)
  2 juggernauts (Depths:3)
  3 greater mummies (Zig:8)
  A pandemonium lord (Zig:3)
  The ghost of Patate the Conqueror, a veteran HOFi of Makhleb (Depths:5)
  Frederick (Vaults:4)
  Bai Suzhen (Swamp:3)
  A caustic shrike (Depths:3)
  Saint Roka (Depths:2)
  Xtahua (Depths:5)
  2 curse toes
  Nikola (Swamp:2)
  14 golden dragons
  A profane servitor (Zig:6)
  A bone dragon (Depths:5)
  The ghost of p0werm0de the Demolition Dwarf, an adept DDFi of Makhleb (Depths:5)
  Jorgrun (Snake:4)
  15 tentacled monstrosities
  8 titans
  6 liches
  7 quicksilver dragons
  3 deep elf master archers (Elf:3)
  2 deep elf blademasters
  2 Executioners (Zig:9)
  3 sphinxes
  Gastronok (D:8)
  7 death cobs
  An ancient champion (Zig:6)
  5 thorn hunters
  4 draconian monks
  13 shadow dragons
  9 storm dragons
  A revenant (Zig:6)
  6 tengu reavers
  10 fire giants
  5 draconian knights
  8 frost giants
  8 nagarajas
  5 draconian scorchers
  12 deep elf sorcerers
  A cacodemon (Zig:3)
  19 vault wardens
  3 iron dragons
  An orc warlord (Orc:1)
  2 draconian stormcallers
  4 emperor scorpions (Depths:2)
  A war gargoyle (Vaults:5)
  4 draconian shifters
  5 deep elf elementalists
  4 draconian annihilators
  3 spriggan defenders (Depths:4)
  18 stone giants
  A ghost moth (Zot:1)
  2 entropy weavers
  26 ironheart preservers
  11 very ugly things
  A juggernaut skeleton (Depths:4)
  6 deep elf demonologists
  13 green draconians
  10 deep elf annihilators
  8 black draconians
  4 vampire knights (Depths:3)
  8 white draconians
  Azrael (D:15)
  9 red draconians
  9 purple draconians
  9 yellow draconians
  A minotaur (Lab)
  2 spark wasps
  4 eidola
  12 ettins
  An ettin (shapeshifter) (Vaults:3)
  10 deep elf death magi
  A crystal guardian (Vaults:5)
  2 mummy priests (Zig:2)
  3 green deaths (Depths:2)
  7 fire dragons
  A jiangshi (Zig:6)
  5 deep elf high priests
  Josephine (D:15)
  18 yaktaur captains
  5 rakshasas
  13 ogre magi
  11 great orbs of eyes
  13 naga warriors
  12 hydras
  A ghost crab (Swamp:2)
  37 vault guards
  A merfolk avatar (Lair:6)
  A caustic shrike simulacrum (Depths:4)
  3 spriggan air magi
  15 ice dragons
  A catoblepas (D:13)
  11 anacondas
  17 centaur warriors
  10 alligators
  35 two-headed ogres
  6 deep troll shamans
  8 tengu warriors
  29 dancing weapons
  A death scarab (Zig:8)
  7 deep troll earth magi
  2 vampire magi
  3 death knights
  10 naga sharpshooters
  12 shock serpents
  8 spriggan berserkers
  The ghost of Nib the Covert, a novice OpAs of Okawaru (D:8)
  9 orc high priests
  A sun demon (Zig:9)
  13 hell knights
  Sonja (D:10)
  A shock serpent (shapeshifter) (Depths:3)
  21 deep elf knights
  Nergalle (D:10)
  5 fire crabs (D:10)
  4 salamander mystics
  4 skeletal warriors (Vaults:1)
  2 shadow wraiths (Vaults:3)
  9 sea snakes (Snake:4)
  A death drake (shapeshifter) (Vaults:1)
  5 spriggan druids
  A deep troll (shapeshifter) (Vaults:5)
  A storm dragon skeleton (Vaults:3)
  2 small abominations (Elf:3)
  4 flayed ghosts
  4 unseen horrors
  6 naga ritualists
  16 deep elf archers
  An unseen horror (shapeshifter) (Vaults:4)
  A sphinx zombie (Zig:8)
  3 shambling mangroves (Swamp:2)
  38 deep trolls
  6 swamp dragons
  3 glowing orange brains
  A tengu zombie (Depths:3)
  A golden dragon skeleton (Depths:4)
  An obsidian statue (Zig:9)
  2 harpies (Lair:6)
  5 phantasmal warriors
  19 orc knights
  7 wizards
  13 ironbrand convokers
  11 necromancers
  52 ugly things
  3 orc sorcerers
  67 deep elf magi
  A mana viper (shapeshifter) (Vaults:5)
  A large abomination (Elf:3)
  2 tengu skeletons
  2 human zombies
  A fire giant zombie (Vaults:5)
  10 mana vipers
  A shadow dragon skeleton (Vaults:3)
  4 wolf spiders
  6 manticores
  A frost giant zombie (Vaults:3)
  14 salamanders
  A frost giant skeleton (Vaults:3)
  43 slime creatures
  11 cyclopes
  Maurice (D:7)
  14 moths of wrath
  A guardian serpent (shapeshifter) (Vaults:1)
  15 vault sentinels
  A black mamba (shapeshifter) (Vaults:4)
  14 guardian serpents
  25 black mambas
  An iron dragon skeleton (Zig:5)
  11 elephants
  14 naga magi
  Joseph (D:8)
  14 spiny frogs
  5 rime drakes
  6 komodo dragons
  A tormentor (Zig:3)
  A rime drake (shapeshifter) (Vaults:4)
  A yaktaur zombie (Depths:1)
  A kobold demonologist (D:11)
  A golden dragon simulacrum (Depths:4)
  7 freezing wraiths
  72 yaktaurs
  An ice devil (Zig:5)
  A queen bee (shapeshifter) (Depths:3)
  4 jumping spiders (Depths:2)
  A tyrant leech (shapeshifter) (Depths:4)
  A polar bear (shapeshifter) (Vaults:4)
  2 tengu conjurers
  3 shadow dragon simulacra
  3 guardian mummies
  3 meliai (D:15)
  2 wind drakes (Lair:6)
  A tengu simulacrum (Vaults:2)
  10 trolls
  12 tyrant leeches
  6 bog bodies
  2 elf zombies
  4 polar bears
  Prince Ribbit (D:7)
  24 hornets
  32 blink frogs
  9 hippogriffs
  2 spriggan zombies
  An ettin zombie (Zig:5)
  A fire dragon zombie (Depths:1)
  3 air elementals
  An ettin skeleton (Depths:1)
  A flying skull (Zig:8)
  3 redbacks
  A spriggan skeleton (Zig:5)
  3 tarantellas
  2 tarantellas (shapeshifter)
  2 elf simulacra
  A spriggan (shapeshifter) (Vaults:1)
  3 shadows
  A spriggan simulacrum (Depths:3)
  49 yaks
  A vampire (D:13)
  26 spriggans
  6 fire elementals (D:15)
  9 wraiths
  3 water elementals
  3 hogs (D:7)
  4 basilisks
  3 yaks (shapeshifter)
  A hog (shapeshifter) (Depths:3)
  3 wyverns
  Grum (D:7)
  2 hungry ghosts
  An ushabti (Zig:8)
  A human (D:7)
  3 swamp worm simulacra (Swamp:4)
  19 vampire mosquitoes
  59 nagas
  9 insubstantial wisps
  2 soldier ants
  3 wargs
  Edmund (D:5)
  16 hydra simulacra (Swamp:4)
  3 acid dragons
  4 hell hounds
  7 swamp worms
  13 water moccasins
  A human skeleton (Zig:8)
  5 swamp drakes
  69 orc warriors
  10 porcupines
  4 ice beasts
  3 eyes of draining
  A necrophage (D:12)
  3 sky beasts
  5 wolves
  33 ogres
  A phantom (D:3)
  22 centaurs
  9 boggarts
  17 crocodiles
  A crocodile (shapeshifter) (Vaults:3)
  7 big kobolds
  An earth elemental (Elf:2)
  24 bullfrogs
  An ogre simulacrum (Vaults:1)
  A water moccasin skeleton (D:11)
  A scorpion (D:12)
  A wyvern skeleton (D:14)
  A killer bee (D:13)
  A wight (D:13)
  3 howler monkeys (D:9)
  3 vampire bats (D:7)
  2 electric eels
  A troll skeleton (Lab)
  5 centaur zombies
  2 human simulacra (Vaults:1)
  12 hounds
  A quasit (D:9)
  3 bullfrog zombies
  6 crimson imps
  2 bullfrog skeletons (D:6)
  5 jellies
  4 centaur skeletons
  50 orc priests
  An iron imp (Depths:5)
  2 iguanas
  19 orc wizards
  4 hell rats (Lair:3)
  A lightning spire (Zig:8)
  14 worker ants
  A killer bee zombie (D:7)
  An ogre skeleton (Lab)
  A hound skeleton (D:9)
  6 mummies
  A howler monkey skeleton (D:4)
  9 gnolls
  6 river rats
  16 adders
  5 shadow imps
  A white imp (Zig:5)
  5 swamp drake simulacra (Swamp:4)
  2 adder zombies
  A worm (D:4)
  2 dart slugs
  7 leopard geckos
  129 orcs
  2 bat skeletons (D:7)
  2 bat zombies (D:7)
  4 giant cockroaches
  6 goblins
  8 hobgoblins
  3 jackals (D:2)
  35 kobolds
  5 quokkas
  6 ball pythons (Sewer)
  5 bats
  13 frilled lizards
  A jackal zombie (D:7)
  26 rats
  4 fire vortices (Zig:3)
  2 plants
2427 creatures vanquished.

Vanquished Creatures (others)
  A centaur warrior (D:13)
  A deep elf knight (Elf:1)
  A deep troll (Vaults:5)
  An unseen horror (D:15)
  3 deep elf magi
  A salamander (Snake:4)
  A fire giant skeleton (Vaults:1)
  A spiny frog (Swamp:4)
  A tarantella (Depths:2)
  A yak (D:11)
  An insubstantial wisp (Swamp:2)
  An orc warrior (Vaults:5)
  An ogre (Vaults:5)
  A centaur (Vaults:2)
  An orc priest (D:5)
  An orc (Vaults:5)
  3 fungi (Lair:6)
  6 plants (Lair:6)
27 creatures vanquished.

Grand Total: 2454 creatures vanquished

Notes
Turn   | Place    | Note
-------+----------+-------------------------------------------
     0 | D:1      | Amnesiac the Spriggan Hunter began the quest for the Orb.
     0 | D:1      | Reached XP level 1. HP: 10/10 MP: 2/2
   308 | D:1      | Reached skill level 4 in Dodging
   344 | D:1      | Reached XP level 2. HP: 9/14 MP: 3/3
   759 | D:1      | Reached XP level 3. HP: 18/18 MP: 4/4
  1223 | D:2      | Found a snail-covered altar of Cheibriados.
  1233 | D:2      | Found a bloodstained altar of Trog.
  2038 | D:3      | Reached XP level 4. HP: 12/23 MP: 5/5
  2317 | D:3      | Reached skill level 5 in Crossbows
  2317 | D:3      | Reached skill level 5 in Dodging
  2545 | D:3      | Reached XP level 5. HP: 15/27 MP: 6/6
  2702 | D:3      | Found a glowing drain.
  2712 | Sewer    | Entered a sewer
  3548 | Sewer    | Reached XP level 6. HP: 32/32 MP: 7/7
  3665 | Sewer    | Reached skill level 6 in Dodging
  4321 | D:3      | Reached XP level 7. HP: 35/36 MP: 8/8
  4404 | D:4      | Found an ornate altar of the Wu Jian Council.
  4703 | D:4      | Found a hazy altar of Hepliaklqana.
  4726 | D:4      | Reached skill level 7 in Dodging
  5450 | D:5      | Entered Level 5 of the Dungeon
  5656 | D:5      | Reached XP level 8. HP: 42/42 MP: 9/9
  5758 | D:5      | Noticed Edmund
  6325 | D:5      | Reached skill level 8 in Dodging
  6553 | D:5      | Found a glowing golden altar of the Shining One.
  6577 | D:5      | Found a staircase to the Ecumenical Temple.
  6658 | Temple   | Entered the Ecumenical Temple
  6871 | Temple   | Became a worshipper of Warmaster Okawaru
  8224 | D:5      | Killed Edmund
  8650 | D:6      | Reached skill level 9 in Dodging
  8821 | D:6      | Reached skill level 5 in Fighting
  8846 | D:6      | Reached * piety under Okawaru
  8946 | D:6      | Reached XP level 9. HP: 33/47 MP: 10/10
  9870 | D:7      | Reached ** piety under Okawaru
  9997 | D:7      | Found an ancient bone altar of Kikubaaqudgha.
 10005 | D:7      | Reached skill level 10 in Crossbows
 10005 | D:7      | Reached skill level 10 in Dodging
 10348 | D:7      | Found a blossoming altar of Fedhas.
 10519 | D:8      | Noticed Prince Ribbit
 10523 | D:8      | Noticed Grum
 10593 | D:7      | Killed Grum
 10639 | D:7      | Killed Prince Ribbit
 10748 | D:8      | Reached *** piety under Okawaru
 10796 | D:8      | Noticed Maurice
 10800 | D:8      | Noticed Joseph
 10834 | D:7      | Killed Maurice
 10834 | D:7      | Reached XP level 10. HP: 53/53 MP: 11/11
 11331 | D:8      | Killed Joseph
 11331 | D:8      | Reached skill level 11 in Dodging
 11500 | D:8      | Noticed Nib's ghost (novice OpAs)
 11515 | D:8      | Killed Nib's ghost
 11515 | D:8      | Received a gift from Okawaru
 11597 | D:8      | Received a gift from Okawaru
 11696 | D:8      | Noticed Gastronok
 11733 | D:8      | Reached skill level 1 in Invocations
 11855 | D:8      | Killed Gastronok
 11855 | D:8      | Received a gift from Okawaru
 11855 | D:8      | Reached **** piety under Okawaru
 11855 | D:8      | Received a gift from Okawaru
 11977 | D:8      | Noticed a two-headed ogre
 12018 | D:8      | Killed a two-headed ogre
 12130 | D:9      | Found a sacrificial altar of Ru.
 12333 | D:9      | Found Zotriokite's Armour Boutique.
 12438 | D:9      | Reached XP level 11. HP: 58/58 MP: 17/17
 12448 | D:9      | Found a hide-covered altar of Uskayaw.
 12643 | D:9      | Noticed a two-headed ogre
 12664 | D:9      | Killed a two-headed ogre
 12664 | D:9      | Received a gift from Okawaru
 12853 | D:10     | Entered Level 10 of the Dungeon
 12990 | D:10     | Found a staircase to the Lair.
 13018 | D:10     | Noticed Nergalle
 13061 | D:10     | Killed Nergalle
 13464 | D:10     | Noticed Sonja
 13477 | D:10     | Killed Sonja
 13477 | D:10     | Received a gift from Okawaru
 13477 | D:10     | Reached skill level 12 in Dodging
 13513 | D:10     | Found a runed door.
 14028 | D:10     | Noticed a fire crab
 14064 | D:10     | Killed a fire crab
 14106 | D:10     | Noticed a fire crab
 14197 | D:10     | Killed a fire crab
 14197 | D:10     | Reached ***** piety under Okawaru
 14197 | D:10     | Received a gift from Okawaru
 14465 | D:10     | Noticed a fire crab
 14556 | D:10     | Killed a fire crab
 14890 | D:10     | Noticed an entropy weaver
 15756 | D:10     | Noticed a fire crab
 16028 | D:10     | Killed a fire crab
 16101 | D:10     | Noticed a fire crab
 16170 | D:10     | Killed a fire crab
 16170 | D:10     | Reached skill level 13 in Dodging
 16252 | D:10     | Noticed a ghost crab
 16600 | D:10     | Noticed a ghost crab
 16600 | D:10     | Noticed a ghost crab
 16600 | D:10     | Noticed an entropy weaver
 17542 | D:12     | Received a gift from Okawaru
 17545 | D:12     | Got a twisted hat {god gift}
 17556 | D:12     | Identified the +2 hat "Zimi" {+Blink Dex+4} (Okawaru gifted it to you on level 12 of the Dungeon)
 17685 | D:12     | Reached skill level 1 in Evocations
 17685 | D:12     | Reached XP level 12. HP: 33/63 MP: 19/19
 17929 | D:11     | Noticed a two-headed ogre
 17959 | D:11     | Killed a two-headed ogre
 18767 | D:11     | Reached skill level 5 in Evocations
 18922 | D:11     | Received a gift from Okawaru
 19262 | D:11     | Noticed a centaur warrior
 19294 | D:11     | Killed a centaur warrior
 19344 | D:11     | Found a hide-covered altar of Uskayaw.
 19892 | D:12     | Received a gift from Okawaru
 20557 | D:12     | Found a staircase to the Orcish Mines.
 20839 | Orc:1    | Entered Level 1 of the Orcish Mines
 20883 | Orc:1    | Noticed an orc high priest
 20980 | Orc:1    | Killed an orc high priest
 20980 | Orc:1    | Reached skill level 1 in Armour
 21290 | Orc:1    | Noticed an orc warlord
 21385 | Orc:1    | Reached XP level 13. HP: 69/70 MP: 20/20
 21408 | Orc:1    | Killed an orc warlord
 21920 | Orc:1    | Found a roughly hewn altar of Beogh.
 22395 | Orc:2    | Entered Level 2 of the Orcish Mines
 22695 | Orc:1    | Reached skill level 5 in Armour
 22779 | Orc:2    | Found a staircase to the Elven Halls.
 23000 | Orc:1    | Received a gift from Okawaru
 23135 | Orc:1    | Gained mutation: You are frail. (-10% HP) [a neqoxec]
 23434 | Orc:1    | Found a roughly hewn altar of Beogh.
 23602 | Orc:2    | Received a gift from Okawaru
 24055 | Orc:2    | Received a gift from Okawaru
 24718 | Orc:1    | HP: 3/63 [poisoned by an orc knight]
 24724 | Orc:1    | HP: 2/63 [poisoned by an orc knight]
 24732 | Orc:1    | HP: 2/63 [poisoned by an orc knight]
 25309 | Orc:1    | Received a gift from Okawaru
 26003 | Orc:2    | Received a gift from Okawaru
 26385 | Orc:2    | Received a gift from Okawaru
 26612 | Orc:2    | Found Fuanler's Weapon Shoppe.
 26612 | Orc:2    | Found Zurar's Armour Shoppe.
 26613 | Orc:2    | Found Awecsar's Jewellery Shoppe.
 26613 | Orc:2    | Found Ohuariq's Armour Emporium.
 26655 | Orc:2    | Bought an uncursed amulet of guardian spirit for 480 gold pieces
 26998 | Orc:2    | Found a roughly hewn altar of Beogh.
 27299 | Orc:2    | Reached XP level 14. HP: 67/67 MP: 21/21
 28047 | D:13     | Found Coruqefa's Armour Emporium.
 28311 | D:13     | Received a gift from Okawaru
 28311 | D:13     | Reached skill level 10 in Armour
 28606 | D:13     | Found a gate to the Vaults.
 28974 | D:13     | Lost mutation: You are frail. (-10% HP) [potion of mutation]
 28974 | D:13     | Gained mutation: You are resistant to hostile enchantments. (MR+) [potion of mutation]
 28974 | D:13     | Gained mutation: You have sharp fingernails. [potion of mutation]
 28974 | D:13     | Gained mutation: Your spells are a little harder to cast, but a little more powerful. [potion of mutation]
 29089 | D:13     | Got an uncursed crystal mace {holy}
 29528 | D:13     | Received a gift from Okawaru
 29553 | D:13     | Reached ****** piety under Okawaru
 29734 | D:13     | Learned a level 3 spell: Regeneration
 29736 | D:13     | Learned a level 1 spell: Animate Skeleton
 29823 | D:13     | Found the +3 pair of gauntlets of War {Slay+5}
 29893 | D:13     | Found a shadowy altar of Dithmenos.
 30112 | D:14     | Reached skill level 14 in Dodging
 30239 | D:14     | Found Mefun's Food Boutique.
 30765 | D:15     | Entered Level 15 of the Dungeon
 30856 | D:15     | Noticed Josephine
 30907 | D:15     | Killed Josephine
 30907 | D:15     | Received a gift from Okawaru
 30911 | D:15     | Got a thick robe {god gift}
 30954 | D:15     | Noticed Azrael
 30962 | D:15     | Killed Azrael
 30972 | D:15     | Reached XP level 15. HP: 51/80 MP: 16/22
 31252 | D:15     | Noticed a frost giant
 31255 | D:15     | Found a staircase to the Depths.
 31261 | D:15     | Killed a frost giant
 31261 | D:15     | Reached skill level 10 in Fighting
 31572 | D:15     | HP: 1/80 [meliai/divine providence (13)]
 31965 | D:15     | Found Cuzi's Distillery.
 31971 | D:15     | Bought a potion of curing for 33 gold pieces
 31971 | D:15     | Bought a potion of curing for 33 gold pieces
 31971 | D:15     | Bought a potion of curing for 33 gold pieces
 31971 | D:15     | Bought a potion of curing for 33 gold pieces
 31971 | D:15     | Bought 2 potions of agility for 88 gold pieces
 31971 | D:15     | Bought a potion of agility for 44 gold pieces
 32324 | Lair:1   | Entered Level 1 of the Lair of Beasts
 33714 | Lair:2   | Received a gift from Okawaru
 34241 | Lair:3   | Found a labyrinth entrance.
 34285 | Lab      | Entered a labyrinth
 34352 | Lab      | Identified a scroll of acquirement {!r}
 34392 | Lab      | Got a warped silver ring
 34394 | Lab      | Identified the ring of Accord {rC+ rN+ SInv} (You acquired it in a labyrinth)
 34545 | Lab      | Identified the Disquisition on Flight
 34546 | Lab      | Got a creamy pearl robe
 34761 | Lair:3   | Found a staircase to the Swamp.
 35415 | Lair:4   | Found a staircase to the Snake Pit.
 36333 | Lair:5   | Found a viscous altar of Jiyva.
 36333 | Lair:5   | Found a staircase to the Slime Pits.
 36651 | Lair:6   | Entered Level 6 of the Lair of Beasts
 36684 | Lair:5   | Reached skill level 15 in Dodging
 36935 | Lair:6   | Reached skill level 15 in Crossbows
 37031 | Lair:6   | Received a gift from Okawaru
 37380 | Lair:6   | Received a gift from Okawaru
 37776 | Lair:6   | Reached XP level 16. HP: 87/87 MP: 23/23
 38686 | Snake:1  | Entered Level 1 of the Snake Pit
 38919 | Snake:1  | Received a gift from Okawaru
 39199 | Snake:1  | Received a gift from Okawaru
 39354 | Snake:1  | Found Natav's Distillery.
 39366 | Snake:1  | Bought 2 potions of heal wounds for 160 gold pieces
 39520 | Snake:1  | Received a gift from Okawaru
 40221 | Snake:2  | Received a gift from Okawaru
 40246 | Snake:2  | Got a bone trident
 41711 | Snake:3  | Found Unoycuec's Gadget Boutique.
 41712 | Snake:3  | Found Zivaadd's Jewellery Emporium.
 41712 | Snake:3  | Found Yfroh's Jewellery Emporium.
 41853 | Snake:3  | Reached skill level 16 in Dodging
 42818 | Snake:4  | Entered Level 4 of the Snake Pit
 43039 | Snake:4  | Found Dusow's Armour Boutique.
 43052 | Snake:4  | Noticed Jorgrun
 43063 | Snake:4  | Killed Jorgrun
 43063 | Snake:4  | Reached XP level 17. HP: 69/93 MP: 10/24
 43065 | Snake:4  | Received a gift from Okawaru
 43558 | Snake:4  | Received a gift from Okawaru
 44789 | Snake:4  | Received a gift from Okawaru
 44944 | Snake:4  | Got a serpentine rune of Zot
 45491 | Swamp:1  | Entered Level 1 of the Swamp
 46347 | Swamp:2  | Reached skill level 17 in Dodging
 46607 | Swamp:2  | Noticed Nikola
 46624 | Swamp:2  | Killed Nikola
 46631 | Swamp:2  | Reached XP level 18. HP: 80/100 MP: 15/25
 46638 | Swamp:2  | Received a gift from Okawaru
 46804 | Swamp:2  | Found a radiant altar of Vehumet.
 47220 | Swamp:2  | Received a gift from Okawaru
 47606 | Swamp:3  | Noticed Bai Suzhen
 47625 | Swamp:3  | Killed Bai Suzhen
 47625 | Swamp:3  | Received a gift from Okawaru
 47950 | Swamp:3  | Received a gift from Okawaru
 47953 | Swamp:3  | Got a sapphire arbalest {god gift}
 47954 | Swamp:3  | Identified the +4 arbalest of Xekaifom {flame, +Inv rC+} (Okawaru gifted it to you on level 3 of the Swamp)
 48518 | Swamp:4  | Entered Level 4 of the Swamp
 49486 | Swamp:4  | Received a gift from Okawaru
 50391 | Swamp:4  | Got a decaying rune of Zot
 50770 | Elf:1    | Entered Level 1 of the Elven Halls
 51291 | Elf:1    | Received a gift from Okawaru
 51691 | Elf:1    | Reached skill level 18 in Dodging
 52096 | Elf:2    | Reached XP level 19. HP: 106/106 MP: 26/26
 52164 | Elf:2    | Received a gift from Okawaru
 52243 | Elf:2    | Got a shimmering dagger
 52257 | Elf:2    | Found a huge runed gate.
 52257 | Elf:2    | Found a huge runed gate.
 52257 | Elf:2    | Found a huge runed gate.
 52257 | Elf:2    | Found a huge runed gate.
 52257 | Elf:2    | Found a huge runed gate.
 52522 | Elf:2    | Learned a level 6 spell: Deflect Missiles
 53075 | Elf:2    | Received a gift from Okawaru
 53077 | Elf:2    | Got a pitted arbalest {god gift}
 53404 | Elf:2    | Identified the +5 arbalest of Cialubaa {velocity, rF+ Str+3 Dex+9 Stlth-} (Okawaru gifted it to you on level 2 of the Elven Halls)
 53587 | Elf:3    | Entered Level 3 of the Elven Halls
 53852 | Elf:3    | Found Jaehirot's Magic Scroll Shop.
 54363 | Elf:3    | Received a gift from Okawaru
 55430 | Elf:3    | Received a gift from Okawaru
 55547 | Elf:3    | Received a gift from Okawaru
 55917 | Elf:3    | Got a wavering bronze amulet
 55919 | Elf:3    | Got a warped flail {holy}
 55989 | Elf:3    | Got a polished whip {freeze}
 55995 | Elf:3    | Got a coiled pewter ring
 56000 | Elf:3    | Got a crystal quarterstaff {freeze}
 56054 | Elf:3    | Noticed a Brimstone Fiend
 56372 | Elf:3    | Got a shimmering mace {freeze}
 56387 | Elf:3    | Got a warped trident {venom}
 56415 | Elf:3    | Got a translucent dagger {pierce}
 56437 | Elf:3    | Got a smoking quarterstaff {crush}
 56546 | Elf:3    | Identified Sif Muna's Handbook of Lucky Calling
 56562 | Elf:3    | Identified the ring of Ylonukkiu {+Fly rPois SInv} (You took it off a deep elf high priest on level 3 of the Elven Halls)
 56565 | Elf:3    | Identified the amulet "Poteifil" {Reflect Dex+6 SH+2} (You took it off a deep elf sorcerer on level 3 of the Elven Halls)
 56838 | Vaults:1 | Entered Level 1 of the Vaults
 56840 | Vaults:1 | Reached XP level 20. HP: 112/112 MP: 27/27
 57008 | D:13     | Received a gift from Okawaru
 57041 | D:13     | Reached skill level 19 in Dodging
 57283 | Vaults:1 | Reached skill level 15 in Fighting
 57746 | Vaults:1 | Received a gift from Okawaru
 58054 | Vaults:1 | Received a gift from Okawaru
 58412 | Vaults:1 | Reached skill level 15 in Armour
 59139 | Vaults:1 | Received a gift from Okawaru
 60099 | Vaults:2 | Received a gift from Okawaru
 61056 | Vaults:2 | Found Efufeal's Distillery.
 61112 | Vaults:2 | Bought a potion of experience for 850 gold pieces
 61112 | Vaults:2 | Reached XP level 21. HP: 101/119 MP: 28/28
 61120 | Vaults:2 | Received a gift from Okawaru
 61248 | Vaults:2 | Found a staircase to the Crypt.
 61589 | Vaults:3 | Reached XP level 22. HP: 111/124 MP: 26/29
 61689 | Vaults:3 | Received a gift from Okawaru
 61691 | Vaults:3 | Got an ancient robe {god gift}
 62943 | Vaults:3 | Reached skill level 20 in Dodging
 63904 | Vaults:4 | Received a gift from Okawaru
 64003 | Vaults:4 | Learned a level 2 spell: Passwall
 64203 | Vaults:4 | Got a fine hunting sling
 64261 | Vaults:4 | Noticed Frederick
 64278 | Vaults:4 | Killed Frederick
 65676 | Vaults:5 | Entered Level 5 of the Vaults
 65706 | Vaults:5 | Received a gift from Okawaru
 65730 | Vaults:5 | Received a gift from Okawaru
 65749 | Vaults:5 | Noticed a golden dragon
 65770 | Vaults:5 | Killed a golden dragon
 65867 | Vaults:5 | Received a gift from Okawaru
 65976 | Vaults:5 | Noticed an ancient lich
 65977 | Vaults:5 | Noticed a golden dragon
 65983 | Vaults:4 | Reached XP level 23. HP: 31/130 MP: 3/30
 66418 | Vaults:5 | Received a gift from Okawaru
 66448 | Vaults:5 | Got a faintly glowing arbalest
 66539 | Vaults:5 | Received a gift from Okawaru
 66540 | Vaults:5 | Found the +4 skin of Zhor {rC+++}
 66887 | Vaults:5 | Reached skill level 21 in Dodging
 67992 | Vaults:5 | Received a gift from Okawaru
 68005 | Vaults:5 | Got a faintly glowing robe {god gift}
 68008 | Vaults:5 | Identified the +3 arbalest of Resourcefulness {freeze, Str+3 Int+4} (You took it off a vault guard on level 5 of the Vaults)
 68258 | Vaults:5 | Got an uncursed fine rapier {freeze}
 68408 | Vaults:5 | Found Keril's Weapon Shoppe.
 68951 | Vaults:5 | Reached XP level 24. HP: 76/137 MP: 30/30
 69674 | Vaults:5 | Killed an ancient lich
 69712 | Vaults:5 | Got a pitted silver ring
 69785 | Vaults:5 | Reached skill level 22 in Dodging
 70239 | Vaults:5 | Identified Ekemm's Reference Book on Creative Darkness
 70289 | Vaults:5 | Got a silver rune of Zot
 70331 | Vaults:5 | Identified the ring of the Sun {+Fly rElec Int+6} (You took it off a deep elf demonologist on level 5 of the Vaults)
 71515 | Depths:1 | Entered Level 1 of the Depths
 71559 | Depths:1 | Received a gift from Okawaru
 71594 | Depths:1 | Reached skill level 1 in Charms
 71629 | Depths:1 | Reached skill level 1 in Spellcasting
 71674 | Depths:1 | Reached skill level 1 in Air Magic
 71809 | Depths:1 | Found a gateway to Hell.
 72039 | Depths:1 | Received a gift from Okawaru
 72542 | Depths:1 | Found a gateway to a ziggurat.
 72688 | Depths:1 | Reached skill level 5 in Charms
 72753 | Zig:1    | Entered Level 1 of a ziggurat
 72778 | Zig:2    | Entered Level 2 of a ziggurat
 73054 | Zig:3    | Entered Level 3 of a ziggurat
 73054 | Zig:3    | Noticed Kubaiqal the pandemonium lord
 73080 | Zig:3    | Killed Kubaiqal the pandemonium lord
 73342 | Zig:4    | Entered Level 4 of a ziggurat
 73348 | Zig:4    | Noticed an ancient lich
 73351 | Zig:4    | Killed an ancient lich
 73351 | Zig:4    | Reached skill level 5 in Spellcasting
 73416 | Zig:5    | Entered Level 5 of a ziggurat
 73496 | Zig:6    | Entered Level 6 of a ziggurat
 73541 | Zig:6    | Received a gift from Okawaru
 73583 | Zig:6    | Got a warped bone amulet
 73596 | Zig:7    | Entered Level 7 of a ziggurat
 73604 | Zig:7    | Found the +3 robe of Folly {Archmagi, MR-- Int+5}
 73645 | Zig:7    | Reached skill level 5 in Air Magic
 73750 | Zig:7    | Identified the amulet "Rosekk" {Harm *Drain +Fly SInv Stlth-} (You found it on level 6 of a ziggurat)
 73825 | Zig:8    | Entered Level 8 of a ziggurat
 73841 | Zig:8    | Noticed a greater mummy
 73843 | Zig:8    | Noticed a greater mummy
 73856 | Zig:8    | Noticed a greater mummy
 73860 | Zig:8    | Killed a greater mummy
 73888 | Zig:8    | Killed a greater mummy
 73905 | Zig:8    | Killed a greater mummy
 74363 | Zig:9    | Entered Level 9 of a ziggurat
 74376 | Zig:9    | Found the +8 autumn katana {slice, Clar}
 74376 | Zig:9    | Noticed Dustrenai the pandemonium lord
 74844 | Depths:2 | Reached skill level 10 in Charms
 75151 | Depths:2 | Received a gift from Okawaru
 75255 | Depths:3 | Reached XP level 25. HP: 123/138 MP: 34/37
 75305 | Depths:2 | Reached skill level 10 in Spellcasting
 76087 | Depths:2 | Found a hazy altar of Hepliaklqana.
 76101 | Depths:2 | Noticed Saint Roka
 76117 | Depths:2 | Killed Saint Roka
 77285 | Depths:2 | Received a gift from Okawaru
 78013 | Depths:3 | Found a one-way gate leading to the halls of Pandemonium.
 78026 | Depths:3 | Received a gift from Okawaru
 78026 | Depths:3 | Reached skill level 10 in Air Magic
 78069 | Depths:3 | Found a sacrificial altar of Ru.
 78069 | Depths:3 | Found an opulent altar of Gozag.
 78070 | Depths:3 | Found a radiant altar of Vehumet.
 79250 | Depths:3 | Reached skill level 15 in Charms
 79674 | Depths:3 | Noticed a juggernaut
 79694 | Depths:3 | Killed a juggernaut
 79907 | Depths:3 | Got a warped graven amulet
 79975 | Depths:3 | Noticed a juggernaut
 79988 | Depths:3 | Killed a juggernaut
 79988 | Depths:3 | Received a gift from Okawaru
 80319 | Depths:3 | Identified the amulet "Vuttix" {Harm *Drain Str+2} (You took it off a fire giant on level 3 of the Depths)
 81113 | Elf:3    | Bought a scroll of enchant weapon for 120 gold pieces
 81767 | Depths:4 | Noticed Mennas
 81998 | Depths:4 | Killed Mennas
 81998 | Depths:4 | Reached XP level 26. HP: 124/143 MP: 29/38
 83111 | Depths:4 | Found Gengeomn's Magic Scroll Shop.
 83117 | Depths:4 | Bought a scroll of enchant armour for 127 gold pieces
 83803 | Depths:4 | Found a runed door.
 83889 | Depths:4 | Found a one-way gate to the infinite horrors of the Abyss.
 84348 | Depths:5 | Entered Level 5 of the Depths
 84989 | Depths:5 | Noticed Patate's ghost (veteran HOFi)
 85013 | Depths:5 | Killed Patate's ghost
 85021 | Depths:5 | Noticed p0werm0de's ghost (adept DDFi)
 85058 | Depths:5 | Killed p0werm0de's ghost
 85058 | Depths:5 | Received a gift from Okawaru
 85661 | Depths:5 | Received a gift from Okawaru
 86196 | Depths:5 | Noticed Xtahua
 86224 | Depths:5 | Killed Xtahua
 86224 | Depths:5 | Reached skill level 15 in Spellcasting
 87208 | Depths:5 | Found a gate to the Realm of Zot.
 87773 | Zot:1    | Entered Level 1 of the Realm of Zot
 88671 | Depths:5 | Received a gift from Okawaru
 89923 | Zot:1    | Received a gift from Okawaru
 89924 | Zot:1    | Reached XP level 27. HP: 60/153 MP: 16/43
 90731 | Zot:1    | Identified the Grimoire of Scorching Bewitchment
 91203 | Zot:2    | Received a gift from Okawaru
 91892 | Zot:2    | Got a flickering tin ring
 91976 | Zot:2    | Received a gift from Okawaru
 91979 | Zot:2    | Got a faintly glowing arbalest {god gift}
 91980 | Zot:2    | Identified the +6 arbalest of Generosity {freeze, *Slow Int+10} (Okawaru gifted it to you on level 2 of the Realm of Zot)
 92007 | Zot:2    | Identified the ring of Zoracrax {MR+ Str+5} (You found it on level 2 of the Realm of Zot)
 92995 | Zot:3    | Got a polished hand crossbow
 93034 | Zot:3    | Identified the cursed +2 hand crossbow "Netipim" {venom, rC+} (You found it on level 3 of the Realm of Zot)
 93047 | Zot:3    | Got a bone hand crossbow
 93048 | Zot:3    | Identified the +7 hand crossbow of the Unseen Realm {freeze, rElec} (You found it on level 3 of the Realm of Zot)
 94082 | Zot:4    | Received a gift from Okawaru
 94368 | Zot:4    | Found a transporter.
 94370 | Zot:4    | Found a transporter.
 94449 | Zot:4    | Received a gift from Okawaru
 94963 | Zot:4    | Mangled by an electric golem

Vault maps used:
D:1:      lemuel_arrival_hallway
D:2:      grunt_temple_overflow_open, first_ration
D:3:      gup_sewer_entry_bubbles, minmay_close_crescents
D:4:      old_standard_altar, lemuel_coloured_pillars_altar
D:5:      temple_hall, tso_metal_star, uniq_edmund
D:7:      kennysheep_vampire_church, grunt_livestock, fedhas_altar_4
D:8:      uniq_gastronok, uniq_joseph, uniq_maurice, uniq_prince_ribbit1,
          uniq_grum
D:9:      old_standard_altar, serial_shops, shop, nicolae_ru_awakened_eye
D:10:     gammafunk_mikee_crab_dinner, minmay_lair_entry_lava, uniq_nergalle,
          uniq_sonja
D:11:     basic_altar, chequers_big_river
D:12:     erik_orc_1, hangedman_abyss_or_decor_passed, grunt_ministairs_14
D:13:     minmay_the_grid_3x3, erik_vaults_2, serial_shops, kennysheep_mini,
          nicolae_dithmenos_the_darkroom
D:14:     serial_park_square2, serial_shops, shop
D:15:     grunt_enter_depths_snipers, serial_shops,
          nicolae_shop_temple_entry_statues_fountains,
          hangedman_abyss_or_decor_stagger, uniq_josephine, uniq_azrael
Temple:   nicolae_temple_x_marks_the_god
Lair:1:   wad_woods_tower, beast_lair_carwin_4, infiniplex_staircase_pool
Lair:3:   minmay_swamp_entry_reptiles, lab_entry_generic, grunt_megastairs_3,
          lemuel_fruit_tree, lemuel_fruit_fields
Lair:4:   minmay_snake_entry_guardpost_small, lemuel_fruit_fields
Lair:5:   dpeg_slime_entry_enclosed_altar
Lair:6:   gammafunk_lair_ancient_temple
Swamp:1:  hangedman_swamp_lotus
Swamp:2:  nicolae_swamp_godswood, swamp_pool5, uniq_nikola
Swamp:3:  hangedman_swamp_blocks, uniq_bai_suzhen
Swamp:4:  swamp_icy, swamp_pool1, hangedman_swamp_cone
Snake:1:  special_room, serial_shops, shop_coins, abandoned_shop,
          hangedman_corner_corridor
Snake:3:  minmay_shop_grove
Snake:4:  grunt_snake_rune_pools, serial_shops, nicolae_shop_stone,
          nicolae_snake_serpentine_hallways, basic_stair_grate_trap,
          uniq_jorgrun
Orc:1:    orc_temple, minmay_orc_temple_c
Orc:2:    st_orc_pillars, nicolae_orc_rockfall, minmay_orc_temple_b
Elf:1:    eino_elf_arrival_customs, minivault_28, corexii_leaking_fountain
Elf:2:    grunt_megastairs_4
Elf:3:    minmay_elf_hall_furrowed, serial_shops, shop_scrolls
Vaults:1: hangedman_vaults_capsules, v_misc_2, nicolae_vaults_puzzle_piece,
          v_misc_22, nicolae_vaults_what_the_h, nicolae_vaults_halls_meeting,
          grunt_vaults_focal, v_rooms_5, v_misc_28, grunt_vaults_hallway_short
Vaults:2: ontoclasm_vaults_pinch, minmay_crypt_entry_simple_walls,
          ontoclasm_vaults_tryst, v_misc_4, hangedman_vaults_slice,
          nicolae_vaults_rhombus_7, v_alt_pattern_1, vaults_dpeg_diagonal,
          vaults_room_door_hall, serial_shops, shop
Vaults:3: grunt_vaults_swirl, nicolae_vaults_rhombus_7, v_misc_16,
          nicolae_vaults_mini_display_case, vaults_room_ringed_pool, v_pattern_5
Vaults:4: nicolae_vaults_network_star, nicolae_vaults_shelves_hall, v_misc_30,
          ontoclasm_vaults_bender, st_squares, nicolae_vaults_three_branches,
          vaults_mumra_minichess_inversion, vaults_standard_mumra_lines,
          vaults_mumra_chevron_long, nicolae_vaults_little_ls, v_misc_26,
          v_misc_15, nicolae_vaults_asterisk, uniq_frederick
Vaults:5: serial_shops
Depths:1: enter_ziggurat_a, hell_entry, nicolae_two_hexagons,
          minmay_misc_feat_four_crosses, serial_sigils_hangedman_shear,
          lemuel_nasty_fountain
Depths:2: cheibrodos_poisonous_passages, basic_altar, hell_entry,
          uniq_saint_roka
Depths:3: hangedman_slaughterboxes, pan_entry, hell_entry
Depths:4: minmay_spriggan_fort, bh_walls_and_bars, abyss_entry, serial_sigils,
          serial_sigils_hangedman_carve, serial_sigils_hangedman_stare,
          serial_sigils_hangedman_snap, serial_sigils_hangedman_gnaw,
          serial_sigils_hangedman_gut, serial_shops,
          nicolae_shop_temple_entry_statues_fountains, hell_entry,
          minmay_hidden_floor, uniq_mennas
Depths:5: grunt_zot_entry_gee_three, minmay_misc_feat_diagonals,
          grunt_hell_entry_dis_grunt, uniq_xtahua
Zot:1:    hangedman_zot_decor_checkerboard
Zot:3:    kennysheep_oblong_rooms
Zot:4:    gammafunk_sealed_arena, basic_altar, amethyst_zot_foddershock
Zig:7:    ziggurat_pillar_centre_dead_trees
Lab:      nicolae_lab_arrow, nicolae_lab_very_dead_end, nicolae_lab_statue
Sewer:    sewer_minmay_treatment

Skill      XL: |  1  2  3  4  5  6  7  8  9 10 11 12 13 14 15 16 17 18 19 20 21 22 23 24 25 26 27 |
---------------+----------------------------------------------------------------------------------+-----
Dodging        | 4 5 6 7 9 10 11 13 14 15 16 17 18 19 20 21 22 | 22.0
Fighting       | 2 3 4 5 6 7 9 11 12 13 14 16 17 18 | 18.3
Crossbows      | 5 6 7 9 10 11 12 13 14 15 16 17 18 19 20 21 | 21.0
Invocations    | 7 8 9 |  9.0
Evocations     | 1 9 |  9.0
Armour         | 2 8 10 11 12 13 14 15 16 17 18 20 | 20.6
Charms         | 10 18 20 | 20.0
Spellcasting   | 9 10 15 | 15.1
Air Magic      | 6 10 | 10.0
Stealth        | |  1.5

Action                   |  1- 3 |  4- 6 |  7- 9 | 10-12 | 13-15 | 16-18 | 19-21 | 22-24 | 25-27 || total
-------------------------+-------+-------+-------+-------+-------+-------+-------+-------+-------++-------
Melee: Short sword       |   181 |   120 |    76 |       |       |       |       |       |       ||   377
       Spear             |       |       |    70 |    33 |    41 |       |       |       |       ||   144
       Unarmed           |       |       |    14 |       |       |       |       |       |       ||    14
       Triple crossbow   |       |       |       |       |       |       |       |     2 |     2 ||     4
 Fire: Hand crossbow     |    13 |   107 |   171 |  1060 |   488 |       |       |       |       ||  1839
       Hunting sling     |       |       |   264 |       |       |       |       |       |       ||   264
       Arbalest          |       |       |       |       |   739 |       |       |       |       ||   739
       Blowgun           |       |       |       |       |    10 |       |       |       |       ||    10
       Triple crossbow   |       |       |       |       |   612 |  1416 |  1048 |  1630 |  1753 ||  6459
Throw: Stone             |       |       |     1 |       |     9 |       |       |       |       ||    10
 Cast: Deflect Missiles  |       |       |       |       |       |       |       |     1 |     2 ||     3
       Regeneration      |       |       |       |       |       |       |       |       |     2 ||     2
Invok: Heroism           |       |       |       |     9 |    15 |    19 |    12 |    27 |    18 ||   100
       Finesse           |       |       |       |     3 |    12 |    19 |    11 |    24 |    12 ||    81
 Abil: Evoke Blink       |       |       |       |       |       |     2 |       |     3 |     7 ||    12
Evoke: Wand              |       |       |     6 |    21 |       |     1 |       |       |     2 ||    30
       Phial of floods   |       |       |       |     1 |       |       |       |       |       ||     1
  Use: Potion            |     1 |       |     3 |     8 |    14 |     5 |     5 |    17 |     2 ||    55
       Scroll            |       |       |    15 |     6 |    19 |     7 |    11 |    23 |    14 ||    95
 Stab: Sleeping          |     9 |       |     4 |     2 |       |       |       |       |       ||    15
       Distracted        |       |       |     1 |       |       |       |       |       |       ||     1
  Eat: Ration            |       |     2 |     2 |     6 |     8 |     6 |     4 |     6 |     8 ||    42
Armor: Robe              |    14 |    12 |    23 |    17 |       |       |       |       |       ||    66
       Skin              |       |       |       |    47 |       |       |       |       |       ||    47
       Fire dragon scale |       |       |       |    61 |   118 |   189 |   171 |    95 |       ||   634
       Acid dragon scale |       |       |       |       |    15 |       |       |       |       ||    15
       Swamp dragon scal |       |       |       |       |       |     5 |       |       |       ||     5
       Gold dragon scale |       |       |       |       |       |       |       |   232 |   884 ||  1116
Dodge: Dodged            |   173 |   140 |   405 |   519 |  1164 |  1083 |   906 |   917 |  1134 ||  6441
       Deflected         |       |       |       |       |       |       |       |     2 |    40 ||    42

Table legend:
 A = Spawn XP
 B = Non-spawn XP
 C = Spawn XP percentage of total XP
 D = Spawn monster count
 E = Non-spawn monster count
 F = Spawn count percentage of total count
 G = Total turns spent on level
                    A         B        C        D         E        F      G
               +---------+---------+-------+---------+---------+-------+---------
         Total |       0 | 1539191 |   0.0 |       0 |    2431 |   0.0 | 94963
               +---------+---------+-------+---------+---------+-------+---------
           D:1 |       0 |      53 |   0.0 |       0 |      27 |   0.0 |  1098
           D:2 |       0 |      42 |   0.0 |       0 |      17 |   0.0 |  1012
           D:3 |       0 |     330 |   0.0 |       0 |      27 |   0.0 |  1199
           D:4 |       0 |     743 |   0.0 |       0 |      25 |   0.0 |  1125
           D:5 |       0 |     798 |   0.0 |       0 |      25 |   0.0 |  2006
           D:6 |       0 |     502 |   0.0 |       0 |      17 |   0.0 |  1063
           D:7 |       0 |    2568 |   0.0 |       0 |      25 |   0.0 |  1694
           D:8 |       0 |    5130 |   0.0 |       0 |      18 |   0.0 |   970
           D:9 |       0 |    1355 |   0.0 |       0 |      13 |   0.0 |   800
          D:10 |       0 |    7926 |   0.0 |       0 |      30 |   0.0 |  4389
          D:11 |       0 |    9867 |   0.0 |       0 |      53 |   0.0 |  1799
          D:12 |       0 |    8881 |   0.0 |       0 |      46 |   0.0 |  2431
          D:13 |       0 |   34535 |   0.0 |       0 |     107 |   0.0 |  3009
          D:14 |       0 |    3970 |   0.0 |       0 |      12 |   0.0 |   933
          D:15 |       0 |   17311 |   0.0 |       0 |      46 |   0.0 |  1647
        Lair:1 |       0 |    4769 |   0.0 |       0 |      25 |   0.0 |  1230
        Lair:2 |       0 |    4643 |   0.0 |       0 |      21 |   0.0 |   719
        Lair:3 |       0 |    7180 |   0.0 |       0 |      32 |   0.0 |   912
        Lair:4 |       0 |    3979 |   0.0 |       0 |      18 |   0.0 |   791
        Lair:5 |       0 |    3876 |   0.0 |       0 |      15 |   0.0 |  1330
        Lair:6 |       0 |   17137 |   0.0 |       0 |      55 |   0.0 |  1369
       Swamp:1 |       0 |    7685 |   0.0 |       0 |      18 |   0.0 |   851
       Swamp:2 |       0 |   24077 |   0.0 |       0 |      45 |   0.0 |  1091
       Swamp:3 |       0 |   22902 |   0.0 |       0 |      36 |   0.0 |  1471
       Swamp:4 |       0 |   20843 |   0.0 |       0 |      61 |   0.0 |  1655
       Snake:1 |       0 |   24052 |   0.0 |       0 |      46 |   0.0 |  1814
       Snake:2 |       0 |   14762 |   0.0 |       0 |      33 |   0.0 |  1097
       Snake:3 |       0 |   14363 |   0.0 |       0 |      30 |   0.0 |  1376
       Snake:4 |       0 |   54947 |   0.0 |       0 |      85 |   0.0 |  2699
         Orc:1 |       0 |   15599 |   0.0 |       0 |      90 |   0.0 |  3762
         Orc:2 |       0 |   13315 |   0.0 |       0 |     104 |   0.0 |  3246
         Elf:1 |       0 |   34849 |   0.0 |       0 |      54 |   0.0 |  1460
         Elf:2 |       0 |   36767 |   0.0 |       0 |      48 |   0.0 |  1884
         Elf:3 |       0 |   61244 |   0.0 |       0 |      58 |   0.0 |  2862
      Vaults:1 |       0 |   43790 |   0.0 |       0 |      76 |   0.0 |  2092
      Vaults:2 |       0 |   46589 |   0.0 |       0 |      90 |   0.0 |  2072
      Vaults:3 |       0 |   59822 |   0.0 |       0 |      84 |   0.0 |  2407
      Vaults:4 |       0 |   59803 |   0.0 |       0 |      66 |   0.0 |  2594
      Vaults:5 |       0 |  215937 |   0.0 |       0 |     169 |   0.0 |  4712
      Depths:1 |       0 |   32210 |   0.0 |       0 |      53 |   0.0 |  1824
      Depths:2 |       0 |   57566 |   0.0 |       0 |      71 |   0.0 |  2424
      Depths:3 |       0 |  116581 |   0.0 |       0 |      95 |   0.0 |  3283
      Depths:4 |       0 |   73849 |   0.0 |       0 |      81 |   0.0 |  2479
      Depths:5 |       0 |   83980 |   0.0 |       0 |      60 |   0.0 |  4599
         Zot:1 |       0 |   67250 |   0.0 |       0 |      39 |   0.0 |  1999
         Zot:2 |       0 |   37040 |   0.0 |       0 |      18 |   0.0 |  1211
         Zot:3 |       0 |   33848 |   0.0 |       0 |      22 |   0.0 |  1431
         Zot:4 |       0 |   56370 |   0.0 |       0 |      34 |   0.0 |  1149
         Zig:1 |       0 |     825 |   0.0 |       0 |       2 |   0.0 |    25
         Zig:2 |       0 |    2553 |   0.0 |       0 |       4 |   0.0 |   276
         Zig:3 |       0 |    5709 |   0.0 |       0 |       3 |   0.0 |   288
         Zig:4 |       0 |   10032 |   0.0 |       0 |       3 |   0.0 |    74
         Zig:5 |       0 |    1717 |   0.0 |       0 |       7 |   0.0 |    80
         Zig:6 |       0 |   12104 |   0.0 |       0 |       7 |   0.0 |   100
         Zig:7 |       0 |   10615 |   0.0 |       0 |      12 |   0.0 |   229
         Zig:8 |       0 |   22064 |   0.0 |       0 |      17 |   0.0 |   538
         Zig:9 |       0 |    6055 |   0.0 |       0 |       4 |   0.0 |    56
           Lab |       0 |    1453 |   0.0 |       0 |       4 |   0.0 |   264
         Sewer |       0 |     429 |   0.0 |       0 |      48 |   0.0 |  1342
               +---------+---------+-------+---------+---------+-------+---------
